 Dungeon Crawl Stone Soup version 0.31-a0-662-g684573625c (webtiles) character file.

Game seed: 6066543319073163431

322 sampeng1 the Trooper (level 6, -1/56 HPs)
             Began as a Minotaur Berserker on Sept 1, 2023.
             Was a Priest of Trog.
             Slain by a black bear (3 damage)
             ... on level 4 of the Dungeon.
             The game lasted 00:08:51 (2668 turns).

sampeng1 the Trooper (Minotaur Berserker)           Turns: 2668, Time: 00:08:52

Health: -1/56      AC: 10    Str: 24    XL:     6   Next: 22%
Magic:  0/5        EV:  9    Int:  4    God:    Trog [***...]
Gold:   156        SH:  0    Dex:  9    Spells: 5/5 levels left

rFire   . . .        a - +0 hand axe
rCold   . . .        (no shield)
rNeg    . . .        l - +0 chain mail
rPois   +            (helmet restricted)
rElec   .            (no cloak)
rCorr   .            i - +0 pair of gloves
SInv    .            (no boots)
Will    +....        j - amulet of guardian spirit Stlth
                     g - ring of willpower
HPRegen 0.29/turn    h - ring of poison resistance
MPRegen 0.09/turn

%: guardian spirit
@: lethally poisoned (-1 -> -2)
A: horns 2, retaliatory headbutt
a: Renounce Religion, Berserk, Trog's Hand


You were on level 4 of the Dungeon.
You worshipped Trog.
Trog was most pleased with you.
You visited 1 branch of the dungeon, and saw 4 of its levels.

You collected 156 gold pieces.

Inventory:

Hand Weapons
 a - a +0 hand axe (weapon)
Armour
 b - a +2 ring mail of cold resistance
 d - a scarf of shadows
 i - a +0 pair of gloves (worn)
 l - a +0 chain mail (worn)
Jewellery
 g - a ring of willpower (left hand)
 h - a ring of poison resistance (right hand)
 j - an amulet of guardian spirit (around neck)
Talismans
 n - a serpent talisman
Scrolls
 k - 2 scrolls of fog
 m - a scroll of identify
 p - a scroll of immolation {unknown}
Potions
 c - 2 potions of curing
 e - 3 potions of mutation
 f - a potion of haste
 o - a potion of magic {unknown}


   Skills:
 + Level 5.2 Fighting
 + Level 5.2 Axes
 + Level 4.4 Armour
 + Level 4.0 Dodging


You had 5 spell levels left.
You didn't know any spells.
Your spell library was empty.

Dungeon Overview and Level Annotations

Branches:
Dungeon (4/15)
 Temple: D:4-7

Altars:
Vehumet


Innate Abilities, Weirdness & Mutations

You have a pair of horns on your head.
You reflexively headbutt those who attack you in melee.


Message History

The black bear claws you but does no damage.
The black bear claws you.
The orc wizard hits you but does no damage.
The orc barely misses you. The black bear bites you.
The black bear claws you but does no damage. x2
You barely miss the orc wizard.
The orc wizard is severely wounded.
You completely miss the black bear. You hit the orc.
You kill the orc!
Trog accepts your kill.
You feel sick.
The black bear bites you but does no damage.
The black bear closely misses you. The black bear barely misses you.
The orc wizard hits you with a +0 dagger of venom.
You barely miss the black bear.
You headbutt the black bear, but do no damage.
The black bear is almost dead.
You hit the orc wizard.
You feel sick. The black bear bites you. The black bear barely misses you.
The black bear claws you but does no damage.
The orc wizard points at you and mumbles some strange words.
The magic dart hits you but does no damage.
The black bear barely misses you. The black bear claws you.
The black bear barely misses you.
You hit the orc wizard.
You kill the orc wizard!
Trog accepts your kill.
Trog appreciates your killing of a magic user.
You closely miss the black bear.
You feel sick. The black bear bites you!
* * * LOW HITPOINT WARNING * * *
The black bear claws you.
* * * LOW HITPOINT WARNING * * *
The black bear claws you. The black bear bites you.
* * * LOW HITPOINT WARNING * * *
The black bear claws you.
* * * LOW HITPOINT WARNING * * *
The black bear claws you.
* * * LOW HITPOINT WARNING * * *
You feel sick. The black bear closely misses you. The black bear claws you.
You die...

## .. ######.# #.#
#......### ##.####
#........# ......#
........# ......# .......#
......# #####.....#
......###..........#
........#....).h@).#
........#...[..).).#
##.##...#......#.###
#.##...#......#.#########
#.##...###### #..........
##.##...# ###.......#
#...^...##### #.......#
#.....##....######†......#
+.....++.........').......


You could see a black bear (berserk).

Vanquished Creatures
  A scorpion (D:4)
  A hound (D:4)
  An orc priest (D:3)
  Jessica (D:3)
  An orc wizard (D:4)
  2 gnolls (D:4)
  5 adders
  2 worms (D:3)
  A dart slug (D:1)
  9 orcs
  4 bats
  5 endoplasms
  6 goblins
  4 hobgoblins
  6 jackals (D:1)
  5 quokkas
  5 ball pythons
  2 frilled lizards (D:1)
  7 kobolds
  3 rats
71 creatures vanquished.

Notes
Turn   | Place    | Note
-------+----------+-------------------------------------------
     0 | D:1      | sampeng1 the Minotaur Berserker began the quest for the
                  | Orb.
     0 | D:1      | Reached XP level 1. HP: 19/19 MP: 0/0
    33 | D:1      | Reached XP level 2. HP: 3/27 MP: 1/1
    34 | D:1      | HP: 2/40 [jackal (1)]
   567 | D:1      | Reached XP level 3. HP: 33/33 MP: 2/2
  1080 | D:2      | Reached ** piety under Trog
  1203 | D:2      | Reached XP level 4. HP: 40/41 MP: 3/3
  1927 | D:3      | Found a radiant altar of Vehumet.
  2346 | D:3      | Noticed Jessica
  2351 | D:3      | Killed Jessica
  2416 | D:3      | Reached XP level 5. HP: 41/47 MP: 4/4
  2576 | D:4      | Reached skill level 5 in Fighting
  2606 | D:4      | Reached skill level 5 in Axes
  2632 | D:4      | Reached XP level 6. HP: 50/56 MP: 5/5
  2661 | D:4      | Reached *** piety under Trog
  2668 | D:4      | HP: 2/56 [poisoned by an orc wizard]
  2668 | D:4      | Slain by a black bear

Illustrated notes

Levels and vault maps discovered:
D:1:      spicycebolla_green_bress_n_ham, layout_basic, nrook_campfire,
          st_stairs_10
D:2:      layout_basic
D:3:      layout_basic, nicolae_vehumet_radiance, roderic_lattice_a,
          uniq_jessica
D:4:      layout_basic, uniq_crazy_yiuf_cottage

Skill      XL: |  1  2  3  4  5  6 |
---------------+-------------------+-----
Fighting       | 4 5 |  5.2
Axes           | 4 5 |  5.2
Armour         | 3 4 |  4.4
Dodging        | 3 4 |  4.0

Action                     |  1- 3 |  4- 6 || total
---------------------------+-------+-------++-------
  Melee: Hand axe          |    76 |    74 ||   150
         Headbutt          |     9 |    14 ||    23
 Invoke: Berserk           |     1 |       ||     1
    Use: Scroll            |       |     5 ||     5
         Potion            |       |     3 ||     3
 Armour: Animal skin       |    32 |       ||    32
         Ring mail         |     6 |       ||     6
         Chain mail        |    21 |    72 ||    93
  Dodge: Dodged            |    46 |    55 ||   101

Table legend: (Time is in decaauts)
 A = Elapsed time spent in this place.
 B = Non-inter-level travel time spent in this place.
 C = Inter-level travel time spent in this place.
 D = Time resting spent in this place.
 E = Time spent auto-exploring this place.
 F = Levels seen in this place.
 G = Mean time per level.
                   A        B        C        D        E       F      G
               +--------+--------+--------+--------+--------+-----+--------+
         Total |   2693 |   2494 |    199 |      0 |   1918 |   4 |  673.2 |
       Dungeon |   2693 |   2494 |    199 |      0 |   1918 |   4 |  673.2 |
               +--------+--------+--------+--------+--------+-----+--------+

Top non-repeatable levels by time:
     D:2: 888 daAuts
     D:1: 883 daAuts
     D:3: 800 daAuts
     D:4: 120 daAuts
